Map: Alcyone LE

Players

Dark - Winner!

  • Race: Zerg Zerg
  • Spawn Location: 1:00

Future

  • Race: Terran Terran
  • League: Grandmaster
  • Spawn Location: 7:00

VOD

Have the link to the VOD?

Description

Time

  • Played on: Oct. 23, 2023, 8:46 p.m.
  • Length: 17:17
Show
View Real Time Build Order
Export as new Build Order

Dark Zerg - Winner!

Build Orders: Hatch First 

Get SALT Encoding   

  12  0:00  Drone  
  13  0:13  Overlord  
  13  0:17  Drone  
  14  0:32  Drone x2  
  16  0:49  Hatchery  
  15  0:52  Drone  
  15  0:56  Drone  
  17  0:59  Drone  
  18  1:11  Extractor  
  18  1:15  Spawning Pool  
  18  1:17  Drone  
  17  1:20  Drone  
  18  1:29  Drone  
  19  1:41  Drone  
  20  1:51  Drone  
  21  2:01  Queen  
  21  2:02  Queen  
  21  2:03  Zergling x4  
  27  2:12  Metabolic Boost  
  27  2:19  Drone  
  27  2:20  Overlord  
  28  2:32  Hatchery  
  28  2:33  Drone  
  28  2:39  Drone x2  
  30  2:47  Overlord  
  30  2:48  Zergling x2  
  31  2:58  Baneling Nest, Overlord  
  30  3:01  Zergling x2  
  30  3:03  Zergling x2  
  32  3:16  Zergling x10  
  32  3:19  Zergling x2  
  38  3:23  Zergling x2  
  38  3:25  Zergling x2  
  41  3:34  Zergling x6  
  41  3:38  Zergling x2  
  44  3:41  Baneling x5  
  44  3:49  Zergling x2, Baneling  
  44  3:50  Zergling x4  
  44  3:55  Zergling x4  
  49  3:59  Baneling  
  49  4:08  Zergling x6  
  49  4:11  Zergling x2  
  49  4:12  Zergling x2  
  47  4:24  Drone  
  47  4:25  Drone x4  
  47  4:26  Drone  
  48  4:40  Drone  
  48  4:41  Drone x2  
  48  4:43  Drone x4  
  50  4:47  Drone x2  
  50  4:56  Burrow  
  50  4:59  Drone x2  
  51  5:02  Drone  
  51  5:06  Queen  
  53  5:11  Extractor, Queen  
  54  5:17  Zergling x8  
  54  5:19  Overlord  
  58  5:25  Overlord  
  58  5:38  Drone x2  
  58  5:39  Drone x2  
  58  5:40  Baneling x3  
  58  5:41  Baneling  
  58  5:42  Baneling x2  
  62  5:44  Zergling x6  
  62  5:46  Drone x3  
  68  5:51  Queen x2  
  68  5:56  Zergling x2  
  68  5:57  Zergling x2  
  74  5:58  Overlord  
  74  6:12  Baneling x2  
  74  6:14  Lair  
  74  6:18  Zergling x8  
  76  6:21  Drone x5  
  76  6:22  Overlord  
  76  6:25  Overlord  
  82  6:28  Baneling x5  
  82  6:29  Baneling x5  
  82  6:30  Baneling x2  
  82  6:33  Overlord  
  82  6:35  Overlord  
  82  6:41  Overlord  
  82  6:42  Extractor  
  82  6:46  Overlord  
  81  6:49  Overlord x2  
  81  6:52  Zergling x2, Overlord  
  81  6:53  Zergling x12  
  83  7:01  Drone x5  
  87  7:08  Drone x2  
  87  7:09  Drone x2  
  87  7:10  Queen  
  87  7:11  Evolution Chamber x2  
  87  7:14  Centrifugal Hooks  
  90  7:16  Baneling x5  
  90  7:20  Zergling x10  
  91  7:31  Zergling x8  
  91  7:33  Baneling x2  
  94  7:41  Zergling x12  
  97  7:49  Queen  
  97  7:50  Queen x2  
  103  7:52  Zerg Melee Weapons Level 1, Zerg Ground Armor Level 1  
  103  7:57  Zergling x2  
  103  7:58  Zergling x6  
  107  8:01  Baneling x5  
  107  8:05  Extractor  
  107  8:07  Zergling x4  
  107  8:18  Zergling x6  
  107  8:19  Hatchery  
  109  8:25  Queen x3  
  109  8:26  Zergling x10  
  120  8:30  Baneling  
  120  8:31  Baneling x5  
  120  8:34  Zergling x6  
  123  8:43  Zergling x4, Infestation Pit  
  123  8:47  Baneling x3  
  123  8:49  Zergling x14  
  123  8:53  Baneling x2  
  118  9:10  Zergling x16  
  126  9:18  Drone x7  
  126  9:21  Hive  
  126  9:23  Hatchery  
  132  9:24  Zergling x4  
  134  9:34  Zergling x8  
  137  9:44  Zergling x8  
  140  9:49  Zerg Melee Weapons Level 2, Zerg Ground Armor Level 2  
  133  9:56  Zergling x2  
  133  9:57  Zergling x18  
  121  10:08  Drone  
  121  10:09  Drone x3, Spore Crawler  
  121  10:11  Spore Crawler  
  121  10:12  Drone  
  124  10:15  Drone x3  
  119  10:22  Drone x3  
  119  10:27  Zergling x6  
  117  10:36  Baneling x3  
  117  10:38  Zergling x8  
  120  10:43  Drone  
  120  10:47  Zergling x6  
  124  10:53  Zergling x2  
  124  10:54  Baneling x8  
  125  10:57  Viper x2  
  125  11:00  Drone x2  
  125  11:01  Drone x2  
  125  11:03  Baneling x5  
  135  11:06  Zergling x2  
  136  11:12  Zergling x10  
  136  11:16  Zergling x4  
  136  11:17  Zergling x2  
  142  11:19  Zergling x4  
  144  11:27  Baneling x4  
  144  11:38  Zergling x12  
  141  11:56  Zergling x18  
  150  12:03  Zergling x4  
  134  12:15  Viper x2  
  134  12:16  Queen x3  
  134  12:17  Overlord  
  134  12:18  Zergling x10  
  149  12:27  Overlord x2  
  149  12:28  Spore Crawler  
  148  12:30  Spore Crawler, Queen  
  148  12:33  Queen, Hatchery  
  148  12:34  Ultralisk Cavern  
  148  12:35  Adrenal Glands  
  148  12:36  Zergling x12  
  155  12:43  Zergling x4  
  157  12:50  Zergling x16  
  153  13:01  Zergling x8  
  135  13:15  Zergling x18  
  135  13:18  Overseer x2  
  144  13:22  Zerg Melee Weapons Level 3  
  144  13:24  Drone  
  144  13:25  Drone x5  
  150  13:30  Zerg Ground Armor Level 3  
  150  13:31  Drone  
  150  13:32  Drone x3  
  150  13:34  Zergling x2  
  153  13:41  Drone  
  153  13:46  Drone  
  153  13:47  Spore Crawler  
  153  13:48  Baneling x3  
  154  13:52  Zergling x4  
  154  13:53  Zergling x4  
  158  13:56  Chitinous Plating  
  158  14:02  Zergling x10  
  162  14:09  Zergling x2  
  159  14:10  Zergling x10  
  132  14:17  Zergling x28  
  132  14:22  Zergling x2  
  132  14:23  Baneling x8  
  146  14:25  Drone x3  
  146  14:30  Ultralisk  
  154  14:31  Zergling x2  
  154  14:32  Zergling x2  
  154  14:35  Pneumatized Carapace  
  156  14:39  Baneling x2  
  156  14:40  Drone  
  156  14:42  Drone x2, Overlord  
  156  14:43  Unknown  
  158  14:48  Zergling x34  
  176  14:52  Zergling x2  
  176  14:53  Zergling x4  
  156  15:08  Zergling x20  
  163  15:16  Ultralisk x2  
  163  15:18  Hatchery  
  174  15:24  Zergling x20  
  184  15:29  Zergling x4  
  184  15:33  Zergling x6  
  184  15:34  Overlord  
  187  15:41  Zergling x4  
  187  15:43  Overlord  
  187  15:44  Baneling x9  
  187  15:47  Overlord  
  187  15:50  Overlord  
  187  15:52  Overlord  
  187  15:53  Baneling x2  
  187  15:54  Drone  
  187  15:55  Drone x4  
  187  15:56  Zergling x6  
  195  16:04  Zergling x12  
  196  16:16  Zergling x30  
  194  16:22  Anabolic Synthesis  
  188  16:27  Zergling x18  
  195  16:34  Zergling x8  
  198  16:48  Zergling x2  
  195  16:56  Zergling x14  
  195  16:57  Zergling x2  
Show
View Real Time Build Order
Export as new Build Order

Future Terran 

Build Orders:  

Get SALT Encoding   

  12  0:00  SCV  
  13  0:12  SCV  
  14  0:17  Supply Depot  
  14  0:24  SCV  
  15  0:39  SCV  
  15  0:40  Barracks  
  16  0:51  SCV  
  17  1:03  SCV  
  18  1:12  Command Center  
  18  1:16  SCV  
  19  1:26  Marine  
  19  1:29  Orbital Command  
  20  1:34  Refinery  
  20  1:44  Marine  
  20  1:45  Supply Depot  
  21  1:55  SCV  
  21  2:00  Barracks  
  22  2:04  Marine  
  22  2:07  SCV  
  24  2:15  Refinery  
  24  2:19  SCV  
  25  2:24  Barracks Reactor  
  25  2:26  Orbital Command  
  25  2:31  SCV  
  26  2:42  Barracks  
  26  2:43  SCV  
  27  2:50  Barracks Tech Lab  
  27  2:53  SCV  
  27  2:55  SCV  
  29  3:02  Barracks, Marine x2  
  31  3:05  SCV  
  31  3:07  SCV  
  31  3:10  Marine  
  34  3:19  SCV x2  
  36  3:21  Marine x2  
  36  3:27  Supply Depot  
  38  3:28  Marine  
  38  3:30  Barracks Tech Lab  
  38  3:31  SCV  
  38  3:32  SCV  
  41  3:40  Marine  
  41  3:41  Factory, Marine  
  43  3:43  SCV  
  43  3:44  SCV  
  43  3:46  Marine  
  46  3:49  Combat Shield  
  46  3:52  Marine x2  
  48  3:56  SCV  
  48  3:57  Supply Depot  
  48  3:59  SCV  
  50  4:03  Marine  
  51  4:18  Marine x3, Supply Depot  
  51  4:20  Marine  
  53  4:25  Supply Depot  
  51  4:36  Marine x3  
  54  4:38  Supply Depot, Marine  
  52  4:54  Marine x2  
  52  4:58  Marine  
  54  5:00  Marine  
  54  5:04  SCV x2  
  54  5:11  Starport  
  54  5:13  Factory Reactor  
  54  5:18  Marine x2  
  54  5:20  Supply Depot  
  56  5:21  Stimpack  
  56  5:22  Marine  
  56  5:23  Supply Depot  
  56  5:26  Marine  
  58  5:29  SCV x2  
  60  5:36  Marine x2  
  60  5:41  SCV x2, Marine  
  65  5:43  Marine, Supply Depot  
  66  5:50  Supply Depot  
  66  5:51  Refinery  
  66  5:53  SCV x2  
  68  5:57  Marine  
  68  5:58  Marine  
  68  5:59  Medivac x2, Marine  
  68  6:00  Factory Tech Lab  
  75  6:05  SCV  
  75  6:06  SCV  
  75  6:08  Supply Depot  
  75  6:10  Marine  
  78  6:11  Refinery  
  78  6:14  Supply Depot  
  78  6:16  Marine x2  
  78  6:17  Marine  
  81  6:21  SCV x2  
  70  6:28  Marine  
  70  6:32  Siege Tank  
  74  6:34  Marine  
  74  6:36  Marine x2  
  74  6:39  Medivac  
  79  6:45  Medivac  
  79  6:46  Marine  
  82  6:51  Marine  
  83  6:54  Marine x2  
  85  7:03  Marine  
  85  7:05  Siege Tank  
  86  7:09  Marine  
  86  7:12  Marine  
  85  7:15  Marine  
  85  7:18  Command Center  
  85  7:19  Medivac x2  
  85  7:21  Marine  
  91  7:27  Marine  
  89  7:30  Marine  
  89  7:33  Marine  
  85  7:37  Siege Tank  
  85  7:39  Marine  
  87  7:45  Marine  
  87  7:47  Marine  
  87  7:49  Medivac  
  91  7:57  Marine  
  93  8:02  Barracks Reactor  
  93  8:04  Barracks Reactor  
  92  8:06  Barracks Reactor  
  92  8:09  Siege Tank  
  92  8:11  SCV x2, Engineering Bay  
  96  8:13  Engineering Bay  
  96  8:17  Barracks, Marine  
  97  8:23  SCV x2  
  99  8:35  Liberator x2, Marine  
  99  8:37  SCV x2  
  99  8:38  Terran Infantry Weapons Level 1  
  99  8:39  Supply Depot  
  99  8:40  Marine  
  99  8:41  Marine  
  110  8:49  Terran Infantry Armor Level 1  
  110  8:50  Marine x2  
  110  8:53  Marine  
  113  8:59  Siege Tank  
  114  9:08  Marine x7  
  102  9:11  Marine, SCV x2  
  105  9:25  Orbital Command, Marine  
  105  9:26  Marine  
  105  9:31  SCV  
  108  9:33  SCV  
  109  9:42  Bunker, Factory, Factory Reactor  
  109  9:43  SCV  
  109  9:45  SCV, Marine  
  112  9:49  Marine  
  112  9:51  SCV  
  112  9:52  Marine x3  
  112  9:55  Marine x2  
  112  9:59  SCV x2  
  111  10:00  Marine  
  111  10:02  Marine  
  111  10:07  Marine  
  113  10:08  Armory  
  113  10:10  Marine  
  113  10:14  Marine  
  106  10:24  SCV  
  104  10:28  Marine  
  104  10:30  SCV  
  106  10:39  Marine x6  
  111  10:43  Marine, SCV  
  111  10:46  Marine  
  111  10:47  Widow Mine x2  
  111  10:49  Supply Depot  
  118  10:53  Supply Depot  
  118  10:57  Terran Infantry Weapons Level 2, Marine x6  
  118  11:01  Marine  
  125  11:04  Marine  
  125  11:06  Terran Infantry Armor Level 2  
  126  11:13  Widow Mine x2  
  126  11:15  Marine x6  
  133  11:19  Marine  
  133  11:22  Marine  
  133  11:32  Marine  
  133  11:33  Marine x2  
  133  11:35  Widow Mine x2  
  133  11:38  Medivac x2, Supply Depot x2  
  145  11:41  Marauder x2  
  145  11:42  Marine  
  149  11:53  Barracks Tech Lab  
  146  11:56  Marine x2  
  146  11:59  SCV x2  
  150  12:02  Marauder x2  
  150  12:08  Command Center  
  154  12:09  Widow Mine x2  
  154  12:11  Marine  
  146  12:16  Marine x2  
  146  12:18  Medivac  
  149  12:23  Marauder  
  149  12:27  Refinery  
  149  12:29  Refinery  
  151  12:33  Marauder x2  
  151  12:35  Marine x2  
  151  12:36  Marine x2  
  159  12:40  Widow Mine x2  
  156  13:00  Marauder x2, Marine x5  
  112  13:15  Widow Mine x2  
  112  13:18  Marine x2  
  112  13:19  SCV x3, Marauder  
  121  13:21  Marauder  
  121  13:26  Terran Infantry Weapons Level 3  
  122  13:27  Terran Infantry Armor Level 3  
  122  13:32  SCV  
  122  13:33  SCV x2  
  125  13:39  Marauder  
  123  13:44  SCV  
  123  13:45  Missile Turret, SCV  
  123  13:47  Widow Mine x2  
  129  13:51  SCV  
  130  13:56  SCV, Marauder  
  130  13:57  SCV, Marine x2  
  130  14:02  Marine x3  
  139  14:08  Widow Mine  
  139  14:12  Marauder  
  139  14:15  Marine x2  
  120  14:17  Marauder  
  120  14:21  Marauder  
  120  14:24  Planetary Fortress  
  123  14:28  Medivac  
  125  14:34  Concussive Shells  
  125  14:41  SCV x2  
  128  14:48  Marauder x3  
  131  15:00  Medivac  
  114  15:09  Marauder, Marine  
  114  15:10  Marine x3, Marauder x2  
  114  15:11  Widow Mine x2  
  101  15:16  Medivac  
  106  15:27  Sensor Tower, Marine x4  
  106  15:28  Sensor Tower  
  107  15:30  Medivac  
  107  15:31  Marauder x3  
  107  15:35  Widow Mine x2  
  117  15:45  Marine x4  
  121  15:52  Marauder x3  
  121  15:53  Command Center  
  127  15:59  Orbital Command  
  127  16:03  Marine x2  
  136  16:04  Medivac  
  121  16:13  Marauder  
  121  16:14  Marine, Marauder x2  
  121  16:15  Marine  
  113  16:20  Widow Mine  
  113  16:23  Marine  
  108  16:26  Widow Mine  
  108  16:30  Marine  
  108  16:32  Marine x2  
  112  16:33  Medivac  
  112  16:35  Marauder x3  
  121  16:41  Marine  
  118  16:48  Marine  
  115  16:55  Widow Mine x2  
  115  16:56  Marine x2  
  115  16:59  Marine  
Tags
 
Add a new tag
Caveats
  • Supply blocks, unpowered buildings, or Contaminate may cause inaccurate times.
  • Supply counts are checked every 10 seconds.